 Dungeon Crawl Stone Soup version 0.29-a0-334-gb41bcbb86e (webtiles) character file.

Game seed: 12145813284020562286

210 kevlar127 the Ruffian (level 5, -23/79 HPs)
             Began as a Troll Berserker on Apr 14, 2022.
             Was a Believer of Trog.
             Engulfed by a cloud of flame (29 damage)
             ... on level 3 of the Dungeon.
             The game lasted 00:33:55 (2673 turns).

kevlar127 the Ruffian (Troll Berserker)             Turns: 2673, Time: 00:33:56

Health: -23/79     AC: 22    Str: 27    XL:     5   Next: 57%
Magic:  4/4        EV:  1    Int:  3    God:    Trog [**....]
Gold:   79         SH:  5    Dex:  9    Spells: 4/4 levels left

rFire   . . .      SeeInvis .     - Unarmed
rCold   . . .      Faith    .   (no shield)
rNeg    . . .      Spirit   .   (body armour currently unavailable)
rPois   +          Reflect  +   (helmet currently unavailable)
rElec   .          Harm     .   (cloak currently unavailable)
rCorr   .          Rampage  .   (gloves unavailable)
Will    .....      NoTele   +   (boots unavailable)
Stlth   +.........              r - amulet of reflection
HPRegen 1.03/turn               (no ring)
MPRegen 0.09/turn               (no ring)

@: tree-form (expiring), weak-willed
A: stationary, stasis, torment immunity, boosted hp, large, unfitting armour,
(claws 3), regeneration 1, (shaggy fur 1), (tough skin 1)
a: Renounce Religion, Berserk, Trog's Hand


You were on level 3 of the Dungeon.
You worshipped Trog.
Trog was pleased with you.
You were a tree.
You visited 1 branch of the dungeon, and saw 3 of its levels.

You collected 79 gold pieces.

Inventory:

Hand Weapons
 c - a +0 short sword
 n - a +0 dagger
Missiles
 b - a boomerang
 f - 6 atropa-tipped darts
 i - 105 stones (quivered)
Armour
 a - a +0 animal skin (melded)
 g - a +0 robe
 o - a +0 chain mail
Jewellery
 d - a ring of magical power
 r - an amulet of reflection (around neck)
Scrolls
 k - a scroll of identify
 p - a scroll of fear
 s - a scroll of noise {unknown}
Potions
 h - 2 potions of mutation {unknown}
 q - a potion of might {unknown}


   Skills:
 + Level 3.3 Fighting
 + Level 2.0 Throwing
 + Level 3.4 Dodging
 + Level 4.1 Unarmed Combat


You had 4 spell levels left.
You didn't know any spells.
Your spell library contained the following spells:

 Spells                   Type           Power      Damage    Failure   Level
 Magic Dart               Conj           0%         1d3       52%         1
 Sting                    Tmut/Pois      0%         1d3       52%         1
 Poisonous Vapours        Pois/Air       0%         N/A       67%         2
 Searing Ray              Conj           0%         2d4       67%         2
 Fulminant Prism          Conj/Hex       0%         3d6       99%         4
 Olgreb's Toxic Radiance  Pois           0%         N/A       99%         4


Dungeon Overview and Level Annotations

Branches:
Dungeon (3/15)

Altars:

Shops:
D:2 (


Innate Abilities, Weirdness & Mutations

You are a tree.
Your roots penetrate the ground, keeping you stationary.
You cannot be teleported.
You are immune to unholy pain and torment.
Your maximum health is greatly increased.
Your equipment is partially melded.
You are too large for most types of armour.
((You have claws for hands.))
Your natural rate of healing is unusually fast.
((You are covered in fur. (AC +1)))
((You have tough skin. (AC +1)))


Message History

* * * LOW HITPOINT WARNING * * *
Your Throwing skill increases to level 2!
You cannot move.
You cannot move.
Unknown command.
You're standing in a cloud of flame!
You're standing in a cloud of flame!
You cannot move.
You cannot move.
You cannot move.
You cannot move.
You cannot move.
You cannot move.
You cannot move.
You cannot move.
You cannot move.
You cannot move.
You cannot move.
As you read the scroll labelled QAIFENN YSEMA, it crumbles to dust.
You feel a strange sense of stasis.
It was a scroll of teleportation.
You are engulfed in blazing flames.
* * * LOW HITPOINT WARNING * * *
What are your orders? t - Creak!
Orders for allies: a - Attack new target. r - Retreat! s - Stop attacking. g - Guard the area. f - Follow me.
Anything else - Cancel.
Okay, then.
As you read the scroll labelled ILOLOG FOMORPHE, it crumbles to dust.
You feel aware of your surroundings.
It was a scroll of magic mapping.
You are engulfed in blazing flames.
Your transformation is almost over.
Okay, then.
You cannot move.
You cannot move.
As you read the scroll labelled BOYSMO HO NIKH, it crumbles to dust.
Magic quickly surges around you.
It was a scroll of vulnerability.
You are engulfed in blazing flames.
You die...

,,,,,,......#..............†.#,,,
,,,,,*##.......##..[.......†.####
,,,,,##.........#................
,,,,,........................####
,,,,,#...........................
,,,,,#......(............########
,,,,,##..................#
,,,,,*##.........).......# ******
##......§♣§.......#
#......§)).......#
#......§.§.......#
##......(.......##
##.....##(....## ##############


There were no monsters in sight!

Vanquished Creatures
  A scorpion (D:2)
  An orc priest (D:3)
  An orc wizard (D:3)
  4 adders
  2 worms
  5 orcs (D:3)
  6 ball pythons
  3 bats
  5 endoplasms
  3 giant cockroaches
  2 goblins (D:2)
  3 hobgoblins
  3 jackals (D:3)
  3 quokkas
  2 frilled lizards
  4 kobolds
  4 rats
52 creatures vanquished.

Vanquished Creatures (others)
  A fungus (D:1)
  A plant (D:1)
2 creatures vanquished.

Grand Total: 54 creatures vanquished

Notes
Turn   | Place    | Note
-------+----------+-------------------------------------------
     0 | D:1      | kevlar127 the Troll Berserker began the quest for the Orb.
     0 | D:1      | Reached XP level 1. HP: 22/22 MP: 0/0
   337 | D:1      | Reached XP level 2. HP: 29/29 MP: 1/1
   373 | D:1      | Found a faded altar of an unknown god.
   769 | D:2      | Noticed a scorpion
   781 | D:2      | Killed a scorpion
   782 | D:2      | Reached skill level 1 in Throwing
   782 | D:2      | Reached XP level 3. HP: 37/37 MP: 2/2
   782 | D:2      | Reached XP level 4. HP: 45/45 MP: 3/3
  1328 | D:2      | Found Noadwuasoegg's Antique Weapon Boutique.
  2250 | D:3      | Reached XP level 5. HP: 53/53 MP: 4/4
  2256 | D:3      | Reached ** piety under Trog
  2633 | D:3      | Reached skill level 4 in Unarmed Combat
  2671 | D:3      | HP: 3/79 [cloud of flame (17)]
  2673 | D:3      | Engulfed by a cloud of flame

Illustrated notes

Levels and vault maps discovered:
D:1:      dpeg_arrival_rooms_c, layout_rooms,
          shapermc_ecumenical_altar_acropolis, minmay_hexomino_p4
D:2:      layout_basic, serial_shops, nicolae_shop_statue_plus
D:3:      layout_rooms, grunt_decor_arrowhead

Skill      XL: |  1  2  3  4  5 |
---------------+----------------+-----
Fighting       | 3 |  3.3
Throwing       | 1 2 |  2.0
Dodging        | 3 |  3.4
Unarmed Combat | 4 |  4.1

Action                   |  1- 3 |  4- 6 || total
-------------------------+-------+-------++-------
Melee: Unarmed           |    34 |    73 ||   107
Throw: Boomerang         |    22 |     7 ||    29
       Stone             |       |    60 ||    60
Invok: Berserk           |     2 |     4 ||     6
       Trog's Hand       |       |     1 ||     1
  Use: Scroll            |       |     6 ||     6
       Potion            |       |     1 ||     1
Armor: Animal skin       |    15 |    28 ||    43
       Skin              |       |    51 ||    51
Dodge: Dodged            |    20 |    33 ||    53
Block: Other             |       |    29 ||    29
       Reflection        |       |     1 ||     1

Table legend: (Time is in decaauts)
 A = Elapsed time spent in this place.
 B = Non-inter-level travel time spent in this place.
 C = Inter-level travel time spent in this place.
 D = Time resting spent in this place.
 E = Time spent auto-exploring this place.
 F = Levels seen in this place.
 G = Mean time per level.
                   A        B        C        D        E       F      G
               +--------+--------+--------+--------+--------+-----+--------+
         Total |   2731 |   2593 |    138 |   1013 |   1014 |   3 |  910.3 |
       Dungeon |   2731 |   2593 |    138 |   1013 |   1014 |   3 |  910.3 |
               +--------+--------+--------+--------+--------+-----+--------+

Top non-repeatable levels by time:
     D:2: 1471 daAuts
     D:1: 707 daAuts
     D:3: 552 daAuts
